| TOP OF THE 1ST |
|
Fresno Grizzlies batting - Pitching for Visalia Mets : LHP Tom Bolton
|
|
Pitching: LHP Tom Bolton
|
|
|
Batting: RHB Mike Jirschele
|
0-0: Ball 1-0: Ball 2-0: Foul Ball, location: 2F 2-1: Ball 3-1: Base on Balls
|
|
Batting: RHB Tom Johnson
|
0-0: Ball 1-0: Fly out, F7 (Flyball, 78M, EV 90.0 MPH)
|
|
Batting: RHB Chris Fernandez
|
0-0: Ball 1-0: Called Strike Balk! Mike Jirschele to second 1-1: Fly out, F8 (Flyball, 89M, EV 95.6 MPH)
|
|
Batting: LHB William Metil
|
0-0: Called Strike 0-1: Ball 1-1: Foul Ball, location: 2F 1-2: Ball 2-2: SINGLE (Line Drive, 6MD, EV 100.0 MPH) Mike Jirschele to third Runner from 3rd tries for Home, SAFE, throw by CF to home
|
|
Batting: LHB Ron Oddo
|
0-0: Ball 1-0: Foul Ball, location: 2F 1-1: Ball 2-1: Fielders Choice at 2nd, 6-4 (Groundball, 6, EV 107.5 MPH)
|
| Top of the 1st over - 1 run, 1 hit, 0 errors, 1 left on base; Fresno 1 - Visalia 0 |
| BOTTOM OF THE 1ST |
|
Visalia Mets batting - Pitching for Fresno Grizzlies : RHP Kevin Teate
|
|
Pitching: RHP Kevin Teate
|
|
|
Batting: RHB Danny Ainge
|
0-0: Called Strike 0-1: Ball 1-1: Fly out, F6 (Popup, 15, EV 73.8 MPH)
|
|
Batting: SHB David Navarro
|
0-0: Ball 1-0: Foul Ball, location: 2F 1-1: Foul Ball, location: 2F 1-2: Ground out 4-3 (Groundball, 4, EV 86.3 MPH)
|
|
Batting: LHB Huey Gayden
|
0-0: SOLO HOME RUN (Flyball, 89XD, EV 107.5 MPH), Distance : 428 ft
|
|
Batting: LHB Pete Dalena
|
0-0: Called Strike 0-1: Ball 1-1: Called Strike 1-2: Foul Ball, location: 2F 1-2: Foul Ball, location: 2F 1-2: Ball 2-2: Strikes out swinging
|
| Bottom of the 1st over - 1 run, 1 hit, 0 errors, 0 left on base; Fresno 1 - Visalia 1 |
| TOP OF THE 2ND |
|
Fresno Grizzlies batting - Pitching for Visalia Mets : LHP Tom Bolton
|
|
Batting: RHB Ivan Mesa
|
0-0: Ball 1-0: Ball 2-0: Ball 3-0: Base on Balls
|
|
Batting: LHB Roger Hill
|
0-0: Ball 1-0: Foul Ball, location: 2F 1-1: Ball 2-1: Foul Ball, location: 2F 2-2: Ball 3-2: Base on Balls Ivan Mesa to second
|
|
Batting: RHB Manuel McDonald
|
0-0: Foul Ball, location: 2F 0-1: DOUBLE (Flyball, 89D, EV 104.4 MPH) Ivan Mesa scores Roger Hill to third
|
|
Batting: RHB Emilio Carrasquel
|
0-0: Called Strike 0-1: Ball 1-1: Ball 2-1: Swinging Strike 2-2: Ball 3-2: Strikes out looking
|
|
Batting: RHB Mike Jirschele
|
0-0: Ball 1-0: Ground out 5-3 (Groundball, 56, EV 95.6 MPH) Roger Hill scores
|
|
Batting: RHB Tom Johnson
|
0-0: Called Strike 0-1: Swinging Strike 0-2: Ball 1-2: Fly out, F6 (Flyball, 5D, EV 84.4 MPH)
|
| Top of the 2nd over - 2 runs, 1 hit, 0 errors, 1 left on base; Fresno 3 - Visalia 1 |
| BOTTOM OF THE 2ND |
|
Visalia Mets batting - Pitching for Fresno Grizzlies : RHP Kevin Teate
|
|
Batting: SHB Marcos Gomez
|
0-0: Swinging Strike 0-1: Ball 1-1: Foul Ball, location: 2F 1-2: Strikes out swinging
|
|
Batting: RHB Ed Sedar
|
0-0: Called Strike 0-1: Called Strike 0-2: Foul Ball, location: 2F 0-2: Foul Ball, location: 2F 0-2: Strikes out swinging
|
|
Batting: RHB Ken Frazier
|
0-0: Ball 1-0: Foul Ball, location: 2F 1-1: Fly out, F3 (Popup, 23F, EV 88.1 MPH)
|
| Bottom of the 2nd over - 0 runs, 0 hits, 0 errors, 0 left on base; Fresno 3 - Visalia 1 |
| TOP OF THE 3RD |
|
Fresno Grizzlies batting - Pitching for Visalia Mets : LHP Tom Bolton
|
|
Batting: RHB Chris Fernandez
|
0-0: Fly out, F8 (Line Drive, 8LM, EV 103.8 MPH)
|
|
Batting: LHB William Metil
|
0-0: Fly out, F8 (Flyball, 78D, EV 95.6 MPH)
|
|
Batting: LHB Ron Oddo
|
0-0: Ball 1-0: Called Strike 1-1: SINGLE (Groundball, 4D, EV 96.3 MPH)
|
|
Batting: RHB Ivan Mesa
|
0-0: Ball 1-0: Foul Ball, location: 2F 1-1: Called Strike 1-2: Fielders Choice at 2nd, 5-4 (Groundball, 56, EV 105.6 MPH)
|
| Top of the 3rd over - 0 runs, 1 hit, 0 errors, 1 left on base; Fresno 3 - Visalia 1 |
| BOTTOM OF THE 3RD |
|
Visalia Mets batting - Pitching for Fresno Grizzlies : RHP Kevin Teate
|
|
Batting: RHB Lloyd Bessard
|
0-0: Called Strike 0-1: Ground out 6-3 (Groundball, 6, EV 95.0 MPH)
|
|
Batting: RHB Eddie Dennis
|
0-0: Ball 1-0: Ball 2-0: Ground out U3 (Groundball, 34, EV 86.3 MPH)
|
|
Batting: RHB Danny Ainge
|
0-0: Ball 1-0: Fly out, F4 (Flyball, 34D, EV 88.1 MPH)
|
| Bottom of the 3rd over - 0 runs, 0 hits, 0 errors, 0 left on base; Fresno 3 - Visalia 1 |
| TOP OF THE 4TH |
|
Fresno Grizzlies batting - Pitching for Visalia Mets : LHP Tom Bolton
|
|
Batting: LHB Roger Hill
|
0-0: Ball 1-0: Ball 2-0: Ground out 6-3 (Groundball, 6, EV 96.9 MPH)
|
|
Batting: RHB Manuel McDonald
|
0-0: Called Strike 0-1: Fly out, F9 (Flyball, 9S, EV 88.1 MPH)
|
|
Batting: RHB Emilio Carrasquel
|
0-0: Foul Ball, location: 2F 0-1: Ball 1-1: Ground out 1-3 (Groundball, 13S, EV 62.5 MPH)
|
| Top of the 4th over - 0 runs, 0 hits, 0 errors, 0 left on base; Fresno 3 - Visalia 1 |
| BOTTOM OF THE 4TH |
|
Visalia Mets batting - Pitching for Fresno Grizzlies : RHP Kevin Teate
|
|
Batting: SHB David Navarro
|
0-0: Ball 1-0: Fly out, F8 (Line Drive, 8RD, EV 95.6 MPH)
|
|
Batting: LHB Huey Gayden
|
0-0: Fly out, F5 (Popup, 5SF, EV 69.4 MPH)
|
|
Batting: LHB Pete Dalena
|
0-0: Called Strike 0-1: Foul Ball, location: 2F 0-2: Strikes out swinging
|
| Bottom of the 4th over - 0 runs, 0 hits, 0 errors, 0 left on base; Fresno 3 - Visalia 1 |
| TOP OF THE 5TH |
|
Fresno Grizzlies batting - Pitching for Visalia Mets : LHP Tom Bolton
|
|
Batting: RHB Mike Jirschele
|
0-0: Fly out, F9 (Flyball, 9LS, EV 96.9 MPH)
|
|
Batting: RHB Tom Johnson
|
0-0: Called Strike 0-1: Ground out 5-3 (Groundball, 56, EV 101.9 MPH)
|
|
Batting: RHB Chris Fernandez
|
0-0: Fly out, F9 (Flyball, 9S, EV 84.4 MPH)
|
| Top of the 5th over - 0 runs, 0 hits, 0 errors, 0 left on base; Fresno 3 - Visalia 1 |
| BOTTOM OF THE 5TH |
|
Visalia Mets batting - Pitching for Fresno Grizzlies : RHP Kevin Teate
|
|
Batting: SHB Marcos Gomez
|
0-0: Ball 1-0: Ball 2-0: Called Strike 2-1: Ground out 5-3 (Groundball, 56, EV 91.9 MPH)
|
|
Batting: RHB Ed Sedar
|
0-0: Ball 1-0: Called Strike 1-1: Swinging Strike 1-2: Foul Ball, location: 2F 1-2: Ball 2-2: Foul Ball, location: 2F 2-2: Strikes out swinging
|
|
Batting: RHB Ken Frazier
|
0-0: Ground out 6-3 (Groundball, 6, EV 91.3 MPH)
|
| Bottom of the 5th over - 0 runs, 0 hits, 0 errors, 0 left on base; Fresno 3 - Visalia 1 |
| TOP OF THE 6TH |
|
Fresno Grizzlies batting - Pitching for Visalia Mets : LHP Tom Bolton
|
|
Pitching: RHP Marcos Gonzalez
|
|
|
Batting: LHB William Metil
|
0-0: Foul Ball, location: 2F 0-1: Swinging Strike 0-2: Ball 1-2: Foul Ball, location: 2F 1-2: Foul Ball, location: 2F 1-2: Foul Ball, location: 2F 1-2: Foul Ball, location: 2F 1-2: Ball 2-2: Foul Ball, location: 2F 2-2: Strikes out looking
|
|
Batting: LHB Ron Oddo
|
0-0: Foul Ball, location: 2F 0-1: Ball 1-1: Ball 2-1: Foul Ball, location: 2F 2-2: Fly out, F7 (Flyball, 7, EV 93.8 MPH)
|
|
Batting: RHB Ivan Mesa
|
0-0: Called Strike 0-1: Foul Ball, location: 2F 0-2: Foul Ball, location: 2F 0-2: Fly out, F8 (Line Drive, 8RM, EV 88.8 MPH)
|
| Top of the 6th over - 0 runs, 0 hits, 0 errors, 0 left on base; Fresno 3 - Visalia 1 |
| BOTTOM OF THE 6TH |
|
Visalia Mets batting - Pitching for Fresno Grizzlies : RHP Kevin Teate
|
|
Batting: RHB Lloyd Bessard
|
0-0: Fly out, F9 (Flyball, 9D, EV 99.4 MPH)
|
|
Batting: RHB Eddie Dennis
|
0-0: Ball 1-0: Called Strike 1-1: Ball 2-1: Fly out, F8 (Line Drive, 8RM, EV 105.0 MPH)
|
|
Batting: RHB Danny Ainge
|
0-0: Called Strike 0-1: Swinging Strike 0-2: Strikes out swinging
|
| Bottom of the 6th over - 0 runs, 0 hits, 0 errors, 0 left on base; Fresno 3 - Visalia 1 |
| TOP OF THE 7TH |
|
Fresno Grizzlies batting - Pitching for Visalia Mets : RHP Marcos Gonzalez
|
|
Batting: LHB Roger Hill
|
0-0: Foul Ball, location: 2F 0-1: SINGLE (Groundball, 4M, EV 105.0 MPH) (infield hit)
|
|
Batting: RHB Manuel McDonald
|
0-0: Called Strike 0-1: Swinging Strike 0-2: Fly out, F8 (Flyball, 8RD, EV 90.6 MPH)
|
|
Batting: RHB Emilio Carrasquel
|
0-0: Called Strike 0-1: Ball 1-1: Ball 2-1: Foul Ball, location: 2F 2-2: Grounds into double play, 5-4-3 (Groundball, 25, EV 81.9 MPH)
|
| Top of the 7th over - 0 runs, 1 hit, 0 errors, 0 left on base; Fresno 3 - Visalia 1 |
| BOTTOM OF THE 7TH |
|
Visalia Mets batting - Pitching for Fresno Grizzlies : RHP Kevin Teate
|
|
Batting: SHB David Navarro
|
0-0: Ground out 4-3 (Groundball, 4, EV 105.6 MPH)
|
|
Batting: LHB Huey Gayden
|
0-0: Called Strike 0-1: Ground out 4-3 (Groundball, 34, EV 91.3 MPH)
|
|
Batting: LHB Pete Dalena
|
0-0: Foul Ball, location: 2F 0-1: Ball 1-1: Ground out 4-3 (Groundball, 4, EV 84.4 MPH)
|
| Bottom of the 7th over - 0 runs, 0 hits, 0 errors, 0 left on base; Fresno 3 - Visalia 1 |
| TOP OF THE 8TH |
|
Fresno Grizzlies batting - Pitching for Visalia Mets : RHP Marcos Gonzalez
|
|
Batting: RHB Mike Jirschele
|
0-0: Fly out, F9 (Line Drive, 9, EV 93.1 MPH)
|
|
Batting: RHB Tom Johnson
|
0-0: Ball 1-0: Ball 2-0: Ball 3-0: Base on Balls
|
|
Pitching: RHP Timothy O'Neill
|
|
|
Batting: RHB Chris Fernandez
|
0-0: Ball 1-0: Grounds into double play, 6-4-3 (Groundball, 6, EV 106.3 MPH)
|
| Top of the 8th over - 0 runs, 0 hits, 0 errors, 0 left on base; Fresno 3 - Visalia 1 |
| BOTTOM OF THE 8TH |
|
Visalia Mets batting - Pitching for Fresno Grizzlies : RHP Kevin Teate
|
|
Batting: SHB Marcos Gomez
|
0-0: Called Strike 0-1: Ball 1-1: Fly out, F6 (Flyball, 6D, EV 88.1 MPH)
|
|
Batting: RHB Ed Sedar
|
0-0: Ball 1-0: Ball 2-0: Ball 3-0: Called Strike 3-1: DOUBLE (Line Drive, 9LS, EV 92.5 MPH)
|
|
Batting: RHB Ken Frazier
|
0-0: Ball 1-0: Foul Ball, location: 2F 1-1: Swinging Strike 1-2: Foul Ball, location: 2F 1-2: Fly out, F8 (Line Drive, 8LM, EV 89.4 MPH)
|
|
Batting: RHB Lloyd Bessard
|
0-0: Ball 1-0: Foul Ball, location: 2F 1-1: Ball 2-1: Called Strike 2-2: Ground out 6-3 (Groundball, 6M, EV 93.1 MPH)
|
| Bottom of the 8th over - 0 runs, 1 hit, 0 errors, 1 left on base; Fresno 3 - Visalia 1 |
| TOP OF THE 9TH |
|
Fresno Grizzlies batting - Pitching for Visalia Mets : RHP Timothy O'Neill
|
|
Batting: LHB William Metil
|
0-0: Ball 1-0: Called Strike 1-1: Ball 2-1: Fly out, F8 (Flyball, 89D, EV 100.6 MPH)
|
|
Batting: LHB Ron Oddo
|
0-0: Foul Ball, location: 2F 0-1: Ball 1-1: Ground out 3-1 (Groundball, 23, EV 85.0 MPH)
|
|
Batting: RHB Ivan Mesa
|
0-0: Ball 1-0: Ball 2-0: Called Strike 2-1: Swinging Strike 2-2: Ball 3-2: Ground out 5-3 (Groundball, 5, EV 84.4 MPH)
|
| Top of the 9th over - 0 runs, 0 hits, 0 errors, 0 left on base; Fresno 3 - Visalia 1 |
| BOTTOM OF THE 9TH |
|
Visalia Mets batting - Pitching for Fresno Grizzlies : RHP Kevin Teate
|
|
Pitching: RHP Chuck McKinney
|
|
|
Batting: RHB Eddie Dennis
|
0-0: Fly out, F8 (Line Drive, 8LD, EV 103.8 MPH)
|
|
Batting: RHB Danny Ainge
|
0-0: Ball 1-0: SINGLE (Groundball, 34D, EV 94.4 MPH)
|
|
Batting: SHB David Navarro
|
0-0: Called Strike 0-1: Ball 1-1: Called Strike 1-2: Strikes out swinging
|
|
Batting: LHB Huey Gayden
|
0-0: Called Strike 0-1: Fly out, F7 (Flyball, 7LM, EV 88.1 MPH)
|
| Bottom of the 9th over - 0 runs, 1 hit, 0 errors, 1 left on base; Fresno 3 - Visalia 1 |
|